Get step-by-step instructions on how to execute this build order below. Start the game timer, and the build order will tick by so you can play in parallel with StarCraft on a second screen or mobile device.

Game Time

  0:00

Last Step

  N/A

Next Step

  12  0:00  Probe (Chrono Boost)  

Upcoming Step

  13  0:10  Probe (Chrono Boost)  

Don't want to look back and forth between 2 screens? Try out our Overwolf App, the Spawning Tool Build Advisor to get an in-game overlay with this build!

Complete Build Order

  12  0:00  Probe (Chrono Boost)  
  13  0:10  Probe (Chrono Boost)  
  14  0:18  Pylon  
  14  0:21  Probe (Chrono Boost)  
  15  0:36  Probe (Chrono Boost)  
  15  0:38  Gateway  
  16  0:46  Probe (Chrono Boost)  
  17  0:56  Probe (Chrono Boost)  
  18  1:06  Probe (Chrono Boost)  
  19  1:15  Nexus  
  19  1:17  Probe (Chrono Boost)  
  20  1:25  Assimilator  
  20  1:29  Probe (Chrono Boost), Assimilator  
  21  1:39  Probe (Chrono Boost), Pylon  
  22  1:49  Probe (Chrono Boost)  
  22  1:53  Cybernetics Core  
  23  1:59  Probe (Chrono Boost)  
  24  2:09  Probe (Chrono Boost)  
  25  2:19  Probe (Chrono Boost)  
  26  2:27  Probe (Chrono Boost)  
  27  2:31  Mothership Core (Chrono Boost)  
  27  2:32  Robotics Facility  
  29  2:37  Probe (Chrono Boost)  
  29  2:39  Warp Gate  
  30  2:47  Gateway  
  30  2:48  Probe (Chrono Boost)  
  30  2:50  Probe (Chrono Boost)  
  32  2:52  Adept  
  32  2:57  Pylon  
  34  2:59  Probe (Chrono Boost)  
  34  3:04  Probe (Chrono Boost)  
  36  3:10  Probe (Chrono Boost)  
  37  3:14  Probe (Chrono Boost)  
  37  3:17  Immortal (Chrono Boost)  
  42  3:27  Adept  
  42  3:28  Probe  
  42  3:30  Probe  
  46  3:35  Adept  
  46  3:38  Probe  
  49  3:42  Probe  
  50  3:48  Pylon  
  50  3:51  Immortal (Chrono Boost)  
  52  4:07  Adept x2  
  56  4:10  Gateway  
  56  4:14  Gateway  
  56  4:15  Gateway  
  56  4:22  Gateway  
  56  4:24  Warp Prism (Chrono Boost)  
  56  4:27  Pylon  
  58  4:46  Adept x2  
  58  4:50  Pylon  
  62  4:53  Pylon  
  62  5:01  Pylon  
  62  5:08  Adept x2  
  62  5:09  Adept x2  
  62  5:10  Adept  
  72  5:30  Gateway, Adept x6  
  84  5:37  Gateway  
  80  5:51  Adept x5  
  80  5:52  Adept  
  80  5:57  Observer (Chrono Boost)  
  71  6:12  Adept x6  
  71  6:34  Adept x4  
  71  6:35  Adept x2  
  81  6:41  Adept x2